 Dungeon Crawl Stone Soup version 0.23.2-1-ga50397a (webtiles) character file.

Game seed: 10528276327952875853

3264 sussurate the Cleaver (level 9, -7/71 HPs)
             Began as a Demonspawn Berserker on May 28, 2019.
             Was an Elder of Trog.
             Mangled by a yak (8 damage)
             ... on level 8 of the Dungeon.
             The game lasted 00:12:44 (9959 turns).

sussurate the Cleaver (Demonspawn Berserker)        Turns: 9959, Time: 00:12:45

Health: -7/71      AC: 16    Str: 22    XL:     9   Next: 68%
Magic:  9/9        EV: 14    Int: 10    God:    Trog [****..]
Gold:   404        SH:  0    Dex: 15    Spells: 8/8 levels left

rFire    . . .     SeeInvis +   v - +0 hand axe (flame)
rCold    . . .     Gourm    .   (no shield)
rNeg     . . .     Faith    .   r - +0 chain mail
rPois    .         Spirit   .   (no helmet)
rElec    .         Reflect  .   E - +2 cloak of Responsibility {MR+}
rCorr    .         Harm     .   (no gloves)
MR       +....                  f - +0 pair of boots
Stlth    ..........             (no amulet)
HPRegen  0.21/turn              H - ring of see invisible (curse)
MPRegen  0.11/turn              (no ring)

@: agile, berserk cooldown, slowed, very slow
A: talons 2, icy blue scales 1, clever 1, clumsy 1, powered by pain 2
a: Berserk, Trog's Hand, Brothers in Arms, Renounce Religion


You were on level 8 of the Dungeon.
You worshipped Trog.
Trog was greatly pleased with you.
You were not hungry.

You visited 1 branch of the dungeon, and saw 8 of its levels.

You collected 404 gold pieces.

Inventory:

Hand Weapons
 a - a +0 hand axe
 v - a +0 hand axe of flaming (weapon)
 y - a +0 blowgun
Missiles
 t - 6 tomahawks of returning (quivered)
 z - 19 poisoned needles
Armour
 b - a +0 animal skin
 f - a +0 pair of boots (worn)
 m - a +0 ring mail
 r - a +0 chain mail (worn)
 E - the +2 cloak of Responsibility (worn) {MR+}
   (You found it on level 7 of the Dungeon)

   It affects your resistance to hostile enchantments.
Jewellery
 H - a cursed ring of see invisible (left hand)
Wands
 D - a wand of random effects (17)
 G - a wand of paralysis (6)
 I - a wand of scattershot (3)
Scrolls
 e - 4 scrolls of teleportation
 h - 7 scrolls of remove curse
 j - 2 scrolls of enchant weapon {unknown}
 l - a scroll of noise {unknown}
 o - a scroll of fear {unknown}
 p - 2 scrolls of blinking {unknown}
 q - 2 scrolls of identify
 x - a scroll of immolation {unknown}
 B - 2 scrolls of fog {unknown}
 F - a scroll of random uselessness {unknown}
Potions
 d - 2 potions of brilliance
 g - 5 potions of curing
 i - 3 potions of degeneration
 k - 4 potions of haste
 n - 4 potions of cancellation
 s - a potion of agility
 u - 2 potions of flight
 w - a potion of resistance {unknown}
 A - a potion of ambrosia
 C - a potion of invisibility
Comestibles
 c - 13 rations


   Skills:
 + Level 6.4 Fighting
 + Level 10.0 Axes
 + Level 6.5 Armour
 - Level 1.7 Dodging


You had 8 spell levels left.
You didn't know any spells.
Your spell library was empty.

Dungeon Overview and Level Annotations

Branches:
Dungeon (8/15)             Temple (0/1) D:5
   Lair: D:8-11

Altars:
Ashenzari
Elyvilon
Hepliaklqana
Makhleb
Uskayaw
Vehumet
Wu Jian
Yredelemnul
The Shining One

Annotations:
D:6 3 runed translucent doors, Borgoz's ghost, novice MiGl; Zanta616's ghost, novice DrCj


Innate Abilities, Weirdness & Mutations

You have razor-sharp toenails.
You are partially covered in icy blue scales. (AC +2)
You sometimes gain power by taking damage.
Your mind is acute. (Int +2)
You are clumsy. (Dex -2)


Message History

The yak closely misses you.
You barely miss the yak.
The yak is heavily wounded.
The yak closely misses you. The yak gores you!
* * * LOW HITPOINT WARNING * * *
Your chain mail prevents you from hitting the yak.
The yak is heavily wounded.
The yak gores you but does no damage.
You hit the yak but do no damage.
The yak is heavily wounded.
The yak gores you.
* * * LOW HITPOINT WARNING * * *
You slash the yak! You burn the yak.
The yak is almost dead.
The yak gores you.
* * * LOW HITPOINT WARNING * * *
You barely miss the yak.
The yak is almost dead.
The yak gores you!
You die...

...# ...# ...# ##
..########## ######...#
...........### #........#
..##.........# ##.##+##...#
.###.#####.#+#####......# .
####.###......##.Y......#
.##....+......+.@####.....#
..####.#.........# #.+##.⌠#
#.._##.#.........# .?) .#
..####.###+#..#### .... .
.##..#.# #.#..# ..Y...
##...#.###.#[.# ..._..
.....#.....#..# #..^.Y.
..............####
.....#####.......#


You could see a yak.

Vanquished Creatures
  A hornet (D:8)
  A spriggan (D:8)
  4 yaks (D:8)
  A black bear (D:8)
  An ice beast (D:7)
  3 orc warriors
  A sky beast (D:6)
  3 ogres
  2 phantoms
  A bullfrog (D:6)
  2 scorpions
  A howler monkey (D:5)
  A bullfrog zombie (D:6)
  5 crimson imps
  2 hounds
  5 orc priests
  A bullfrog skeleton (D:5)
  2 jellies
  5 orc wizards
  5 iguanas
  7 worker ants
  A howler monkey zombie (D:7)
  6 adders
  2 shadow imps
  2 oozes
  2 adder skeletons
  3 worms
  3 dart slugs
  4 leopard geckos
  37 orcs
  4 giant cockroaches
  4 goblins
  4 hobgoblins
  9 jackals
  6 kobolds
  3 quokkas
  6 bats
  2 frilled lizards
  A jackal skeleton (D:7)
  2 quokka skeletons
  7 rats
162 creatures vanquished.

Vanquished Creatures (others)
  A withered plant (D:6)
1 creature vanquished.

Grand Total: 163 creatures vanquished

Notes
Turn   | Place    | Note
-------+----------+-------------------------------------------
     0 | D:1      | sussurate the Demonspawn Berserker began the quest for the
                  | Orb.
     0 | D:1      | Reached XP level 1. HP: 18/18 MP: 1/1
   322 | D:1      | Reached skill level 3 in Axes
   600 | D:1      | Gained mutation: You are partially covered in icy blue
                  | scales. (AC +2) [demonic ancestry]
   600 | D:1      | Reached XP level 2. HP: 24/24 MP: 2/2
  1582 | D:2      | Reached XP level 3. HP: 23/29 MP: 3/3
  1828 | D:2      | Reached skill level 4 in Axes
  2194 | D:2      | Reached ** piety under Trog
  2538 | D:3      | Found a faded altar of an unknown god.
  3069 | D:4      | Gained mutation: You sometimes gain a little power by
                  | taking damage. [demonic ancestry]
  3069 | D:4      | Reached XP level 4. HP: 23/35 MP: 4/4
  4008 | D:4      | Gained mutation: You sometimes gain power by taking damage.
                  | [demonic ancestry]
  4008 | D:4      | Reached XP level 5. HP: 41/41 MP: 5/5
  4480 | D:4      | Reached skill level 5 in Axes
  5024 | D:4      | Noticed a phantom
  5043 | D:4      | Killed a phantom
  5043 | D:4      | Reached XP level 6. HP: 39/47 MP: 6/6
  5299 | D:5      | Entered Level 5 of the Dungeon
  5375 | D:5      | Reached skill level 6 in Axes
  5375 | D:5      | Gained mutation: You have sharp toenails. [demonic
                  | ancestry]
  5375 | D:5      | Reached XP level 7. HP: 53/53 MP: 7/7
  5578 | D:5      | Found a white marble altar of Elyvilon.
  6297 | D:5      | Reached *** piety under Trog
  6443 | D:5      | Found a staircase to the Ecumenical Temple.
  6768 | D:6      | Reached skill level 7 in Axes
  6950 | D:6      | Gained mutation: You have razor-sharp toenails. [demonic
                  | ancestry]
  6950 | D:6      | Reached XP level 8. HP: 45/61 MP: 8/8
  6958 | D:6      | Reached skill level 5 in Armour
  7199 | D:6      | Found a burning altar of Makhleb.
  7200 | D:6      | Found a radiant altar of Vehumet.
  7236 | D:6      | Found an ornate altar of the Wu Jian Council.
  7240 | D:6      | Found a runed translucent gate.
  7241 | D:6      | Found a runed translucent gate.
  7242 | D:6      | Found a runed translucent gate.
  7243 | D:6      | Noticed Zanta616's ghost (novice DrCj)
  7244 | D:6      | Noticed Borgoz's ghost (novice MiGl)
  7641 | D:7      | Reached skill level 5 in Fighting
  7755 | D:7      | Reached skill level 8 in Axes
  7924 | D:7      | Gained mutation: You are clumsy. (Dex -2) [potion of
                  | mutation]
  7924 | D:7      | Gained mutation: Your mind is acute. (Int +2) [potion of
                  | mutation]
  7963 | D:7      | Got a warped cloak
  7969 | D:7      | Identified the +2 cloak of Responsibility {MR+} (You found
                  | it on level 7 of the Dungeon)
  8158 | D:7      | Found a glowing golden altar of the Shining One.
  8433 | D:7      | Reached **** piety under Trog
  8703 | D:7      | Reached XP level 9. HP: 42/68 MP: 9/9
  9237 | D:8      | Reached skill level 9 in Axes
  9768 | D:8      | Found a faded altar of an unknown god.
  9768 | D:8      | Found a hazy altar of Hepliaklqana.
  9773 | D:8      | Found a faded altar of an unknown god.
  9775 | D:8      | Found a basalt altar of Yredelemnul.
  9777 | D:8      | Found a hide-covered altar of Uskayaw.
  9882 | D:8      | Found a shattered altar of Ashenzari.
  9928 | D:8      | Reached skill level 10 in Axes
  9958 | D:8      | HP: 1/71 [yak (4)]
  9959 | D:8      | Mangled by a yak

Skill      XL: |  1  2  3  4  5  6  7  8  9 |
---------------+----------------------------+-----
Axes           | 3 4 5 6 7 8 10 | 10.0
Armour         | 2 3 4 5 6 |  6.5
Fighting       | 4 5 6 |  6.4
Dodging        | |  1.7

Action                   |  1- 3 |  4- 6 |  7- 9 || total
-------------------------+-------+-------+-------++-------
Melee: Hand axe          |   200 |   130 |   425 ||   755
Throw: Tomahawk          |       |       |     3 ||     3
Invok: Berserk           |       |     6 |    10 ||    16
       Trog's Hand       |       |     1 |     1 ||     2
  Use: Scroll            |       |       |    12 ||    12
       Potion            |       |       |     1 ||     1
 Stab: Sleeping          |     3 |       |       ||     3
  Eat: Chunk             |     7 |    12 |    19 ||    38
       Ration            |       |       |     2 ||     2
Armor: Animal skin       |     3 |       |       ||     3
       Ring mail         |    31 |       |       ||    31
       Chain mail        |    68 |    71 |   209 ||   348
Dodge: Dodged            |   111 |    38 |   113 ||   262
